Map: Frostline LE

Players

WeAreLegion

  • Race: Terran Terran
  • League: Silver
  • Spawn Location: 7:00

fallen - Winner!

  • Race: Protoss Protoss
  • League: Silver
  • Spawn Location: 1:00

VOD

Have the link to the VOD?

Description

Time

  • Played on: Dec. 4, 2024, 9:07 p.m.
  • Length: 20:50
Show
View Real Time Build Order
Export as new Build Order

WeAreLegion Terran 

Build Orders: Reaper Expand 

Get SALT Encoding   

  12  0:00  SCV  
  13  0:12  SCV  
  14  0:17  Supply Depot  
  14  0:24  SCV  
  15  0:39  SCV  
  16  0:43  Barracks  
  16  0:49  Refinery  
  16  0:51  SCV  
  17  1:03  SCV  
  18  1:15  SCV  
  19  1:29  Orbital Command  
  19  1:35  Reaper  
  20  1:45  Command Center  
  19  1:58  SCV  
  19  2:01  Supply Depot  
  20  2:10  Factory  
  20  2:13  SCV  
  20  2:14  Marine  
  22  2:21  Refinery  
  22  2:25  SCV  
  23  2:32  Marine  
  25  2:37  SCV  
  25  2:49  SCV  
  25  2:50  Marine  
  27  2:53  Supply Depot  
  27  3:01  Widow Mine  
  27  3:05  Starport  
  29  3:11  SCV  
  31  3:13  Orbital Command  
  29  3:22  Widow Mine  
  29  3:23  SCV  
  29  3:24  Marine  
  33  3:35  SCV  
  34  3:42  Engineering Bay  
  34  3:43  SCV  
  34  3:47  SCV, Medivac, Factory Tech Lab  
  38  3:55  SCV  
  39  3:56  Barracks Reactor  
  39  4:00  SCV  
  40  4:07  SCV  
  41  4:10  Siege Tank  
  41  4:12  SCV  
  41  4:16  Missile Turret  
  45  4:19  SCV  
  45  4:24  SCV  
  47  4:25  Missile Turret  
  47  4:31  Supply Depot, SCV, Missile Turret  
  47  4:36  SCV, Marine x2  
  51  4:40  Starport Tech Lab  
  51  4:43  SCV  
  52  4:48  SCV  
  52  4:51  Refinery  
  52  4:52  Siege Tank  
  56  4:53  Marine  
  56  4:54  Marine  
  56  4:59  Supply Depot  
  58  5:03  Supply Depot  
  58  5:04  SCV  
  58  5:05  SCV  
  60  5:11  Marine x2  
  62  5:15  Barracks x2  
  62  5:20  SCV x2  
  62  5:21  Terran Infantry Weapons Level 1  
  64  5:23  Armory  
  64  5:24  Siege Tank  
  67  5:29  Supply Depot, Marine x2  
  67  5:32  Supply Depot  
  69  5:47  Marine x2  
  70  6:11  SCV x2  
  70  6:12  Marine x3  
  70  6:14  Barracks Tech Lab  
  73  6:23  SCV x2  
  75  6:29  Marine  
  75  6:30  Marine  
  78  6:33  Supply Depot  
  78  6:34  Factory Reactor  
  78  6:35  Supply Depot  
  77  6:45  Barracks  
  77  6:46  Barracks  
  77  6:47  Marine x2  
  77  6:54  Terran Vehicle Weapons Level 1  
  79  6:57  SCV  
  79  6:58  Supply Depot, Engineering Bay  
  79  7:00  Supply Depot  
  80  7:04  Command Center  
  80  7:22  Marine x3  
  81  7:23  Marine  
  81  7:25  Widow Mine x2  
  81  7:27  Medivac  
  90  7:34  Factory  
  90  7:36  Refinery  
  90  7:39  SCV x2  
  90  7:40  Marine  
  90  7:41  Fusion Core, Marauder x2  
  97  7:46  Widow Mine x2  
  97  7:51  SCV x2  
  103  8:02  Marauder x2  
  107  8:18  Supply Depot, Terran Infantry Weapons Level 2  
  107  8:19  Terran Infantry Armor Level 1  
  107  8:20  Supply Depot  
  107  8:24  Marauder  
  109  8:32  SCV x2  
  111  8:44  Supply Depot, SCV x2  
  111  8:45  Supply Depot  
  111  8:46  Marine x4  
  111  8:48  Barracks Tech Lab, Terran Vehicle And Ship Armor Level 1  
  117  8:53  Barracks Reactor  
  117  8:55  Stimpack  
  116  8:56  Combat Shield, SCV x2  
  118  9:03  Factory Tech Lab  
  118  9:04  Marine  
  118  9:08  Supply Depot, SCV x2  
  118  9:09  Supply Depot  
  121  9:20  SCV  
  122  9:40  Orbital Command  
  122  10:06  Marine x5  
  122  10:07  Marine x2, Command Center  
  127  10:09  Widow Mine x3  
  127  10:14  Viking  
  137  10:18  Command Center  
  136  10:22  Starport  
  136  10:25  Marine x4, Marauder x3  
  146  10:30  Widow Mine x2  
  149  10:43  Marine x4  
  149  10:44  Viking  
  149  10:46  Marauder x3  
  160  11:00  Marine  
  160  11:01  Marine x3  
  164  11:08  Marauder x3  
  170  11:14  Viking  
  172  11:18  Marine x2  
  172  11:19  Marine x2  
  172  11:23  Viking  
  178  11:29  Marauder x3  
  184  11:33  Supply Depot, Planetary Fortress  
  184  11:35  Planetary Fortress  
  184  11:36  Marine x3  
  184  11:37  Marine  
  184  11:39  Supply Depot  
  188  11:44  Viking  
  190  11:50  Marine, Marauder x2  
  190  11:53  Viking  
  197  11:55  Supply Depot  
  197  12:02  Supply Depot  
  194  12:14  Viking  
  196  12:23  Viking  
  196  12:24  Supply Depot  
  198  12:47  Supply Depot  
  198  12:53  Viking  
  200  13:23  Viking  
  194  13:32  Terran Ship Weapons Level 1  
  182  13:34  Terran Infantry Armor Level 2, Terran Infantry Weapons Level 3  
  182  13:35  Marine x5  
  182  13:36  Marauder x2  
  191  13:52  Marine  
  191  13:53  Marine x2  
  191  13:54  Marauder  
  196  13:57  Marauder x2  
  198  14:15  Marauder  
  77  15:50  Missile Turret  
  77  15:51  Missile Turret  
  77  15:52  Missile Turret  
  77  15:54  Missile Turret  
  67  15:59  Missile Turret  
  67  16:07  Missile Turret  
  67  16:08  Missile Turret x2  
  67  16:09  Missile Turret  
  67  16:10  Missile Turret  
  64  16:11  Viking  
  64  16:12  Viking  
  64  16:14  Marine x5  
  64  16:15  Marine x2  
  77  16:18  Widow Mine  
  77  16:19  Widow Mine x2  
  81  16:28  Missile Turret  
  81  16:30  Missile Turret x2  
  81  16:32  Marine x7  
  90  16:40  Cyclone, Widow Mine x2  
  90  16:41  Missile Turret, Viking  
  90  16:42  Missile Turret, Viking  
  90  16:45  Missile Turret  
  89  16:50  Marine x4  
  91  16:55  Missile Turret  
  91  16:56  Missile Turret x2  
  91  16:59  Command Center  
  91  17:04  Missile Turret  
  84  17:11  Viking  
  84  17:12  Cyclone, Viking  
  77  17:30  Marine x5  
  77  17:31  Marine x2  
  84  17:41  Factory, Viking  
  84  17:42  Viking  
  84  17:43  Factory  
  88  17:44  Cyclone  
  88  17:48  Marine  
  88  17:49  Marauder x3  
  88  17:50  Refinery  
  88  17:51  Refinery  
  98  18:05  Command Center  
  98  18:10  Marauder  
  98  18:11  Viking  
  98  18:12  Viking  
  104  18:16  Cyclone  
  105  18:28  Orbital Command  
  103  18:42  Viking  
  103  18:47  Missile Turret x2  
  103  18:48  Thor, Missile Turret  
  105  18:49  Missile Turret  
  110  18:59  Command Center  
  110  19:01  Factory Tech Lab x2  
  108  19:12  Viking  
  108  19:23  Refinery  
  103  19:24  Refinery  
  103  19:31  Thor  
  74  19:53  Missile Turret  
  74  19:54  Missile Turret  
  74  19:56  Missile Turret  
  56  20:01  Missile Turret  
  37  20:31  Marine x4  
  37  20:32  Marine  
Show
View Real Time Build Order
Export as new Build Order

fallen Protoss - Winner!

Build Orders: Nexus First 

Get SALT Encoding   

  1  0:00  Probe  
  12  0:05  Probe  
  14  0:15  Probe  
  15  0:44  Nexus  
  15  0:50  Pylon  
  15  1:00  Assimilator  
  15  1:05  Probe  
  16  1:13  Probe  
  17  1:23  Probe  
  18  1:26  Assimilator  
  18  1:34  Gateway  
  18  1:36  Probe  
  19  1:48  Probe  
  20  2:00  Pylon  
  20  2:01  Probe  
  21  2:02  Probe  
  21  2:06  Gateway  
  22  2:13  Probe  
  23  2:17  Pylon  
  23  2:19  Probe  
  24  2:25  Probe  
  25  2:30  Cybernetics Core  
  25  2:34  Probe  
  26  2:37  Probe  
  27  2:46  Probe  
  28  2:56  Stalker  
  28  2:57  Stalker  
  31  3:21  Probe  
  31  3:22  Stalker  
  31  3:25  Probe  
  35  3:33  Probe  
  36  3:37  Probe  
  36  3:41  Shield Battery  
  37  3:45  Probe  
  37  3:47  Assimilator  
  38  3:48  Assimilator  
  38  3:49  Probe  
  39  3:57  Probe  
  39  4:01  Probe  
  41  4:09  Probe  
  42  4:13  Probe  
  43  4:21  Probe  
  43  4:23  Shield Battery  
  44  4:24  Pylon  
  44  4:25  Probe  
  44  4:26  Shield Battery  
  45  4:33  Probe  
  45  4:37  Probe, Pylon, Stargate  
  47  4:39  Stargate  
  47  4:40  Stargate  
  47  4:45  Probe  
  47  4:48  Pylon  
  47  4:49  Probe  
  47  4:50  Pylon  
  49  4:58  Probe  
  50  5:01  Probe  
  51  5:10  Probe  
  51  5:13  Nexus  
  52  5:15  Pylon  
  52  5:19  Pylon  
  52  5:20  Assimilator, Probe  
  53  5:22  Probe  
  53  5:23  Assimilator  
  54  5:32  Probe  
  59  5:35  Void Ray  
  59  5:37  Robotics Facility  
  59  5:41  Probe  
  60  5:44  Probe  
  60  5:48  Shield Battery  
  61  5:51  Shield Battery  
  61  5:53  Probe  
  61  5:56  Probe  
  46  6:05  Probe  
  46  6:09  Probe  
  48  6:13  Probe  
  49  6:21  Probe  
  49  6:23  Probe  
  50  6:28  Probe  
  52  6:33  Probe  
  52  6:35  Probe  
  54  6:40  Probe  
  54  6:45  Probe  
  56  6:47  Probe  
  56  6:52  Probe  
  58  6:55  Probe  
  58  6:57  Probe  
  58  7:01  Observer  
  64  7:03  Probe  
  64  7:04  Probe  
  64  7:06  Void Ray  
  67  7:09  Probe  
  67  7:12  Probe  
  67  7:13  Observer  
  69  7:16  Probe  
  69  7:20  Probe  
  69  7:21  Probe  
  76  7:24  Void Ray  
  76  7:28  Observer, Probe x2  
  78  7:33  Probe  
  81  7:38  Fleet Beacon  
  81  7:39  Pylon  
  81  7:40  Pylon, Probe x2  
  83  7:45  Observer, Probe  
  85  7:52  Probe x2  
  85  7:58  Probe  
  88  8:03  Observer  
  88  8:04  Void Ray, Probe x2  
  95  8:10  Nexus, Probe  
  96  8:16  Probe  
  96  8:17  Probe  
  98  8:21  Observer  
  98  8:22  Probe  
  98  8:23  Tempest x2  
  108  8:28  Probe  
  108  8:29  Probe  
  111  8:34  Probe  
  111  8:39  Observer  
  111  8:40  Probe  
  113  9:01  Tempest  
  117  9:03  Observer  
  117  9:06  Tempest  
  117  9:09  Assimilator  
  122  9:11  Probe x2  
  122  9:12  Probe  
  122  9:14  Assimilator  
  125  9:20  Observer, Warp Gate  
  125  9:23  Void Ray, Probe x2  
  125  9:24  Probe  
  133  9:31  Flux Vanes, Stargate  
  133  9:34  Stargate  
  133  9:35  Probe  
  133  9:36  Probe  
  133  9:37  Cybernetics Core  
  135  9:39  Pylon x2  
  135  9:41  Pylon  
  135  9:42  Pylon  
  135  9:51  Forge  
  135  9:52  Pylon  
  135  9:53  Probe x3, Pylon  
  135  9:54  Pylon, Probe  
  139  10:05  Probe x3  
  139  10:06  Probe  
  143  10:15  Nexus  
  143  10:17  Probe  
  143  10:18  Assimilator  
  143  10:20  Assimilator  
  144  10:48  Tempest x3  
  156  10:50  Observer  
  157  11:08  Observer  
  158  11:25  Observer, Void Ray x2  
  167  11:36  Protoss Shields Level 1  
  167  11:39  Protoss Air Weapons Level 1, Protoss Air Armor Level 1  
  175  11:40  Void Ray x2  
  175  11:41  Tempest  
  179  11:54  Stargate  
  179  11:55  Stargate  
  179  11:59  Stargate  
  179  12:00  Stargate  
  179  12:01  Tempest  
  179  12:02  Stargate  
  179  12:03  Stargate  
  163  12:08  Unknown  
  167  12:16  Void Ray  
  175  12:24  Void Ray  
  175  12:28  Void Ray x2  
  187  12:44  Void Ray  
  187  12:45  Void Ray  
  199  12:52  Void Ray  
  199  12:53  Void Ray  
  199  12:54  Void Ray  
  199  13:05  Twilight Council  
  197  13:27  Void Ray  
  197  13:51  Charge  
  197  14:01  Protoss Air Weapons Level 2, Protoss Air Armor Level 2  
  175  14:32  Phoenix x5  
  175  14:33  Phoenix x4  
  193  14:45  Phoenix x2  
  192  14:57  Phoenix x4  
  196  15:58  Assimilator  
  200  16:05  Pylon  
  200  16:07  Void Ray  
  195  16:46  Void Ray  
  194  17:17  Observer  
  192  17:32  Observer  
  193  17:49  Observer  
  193  17:50  Zealot x2  
  198  17:57  Nexus  
  198  17:59  Assimilator  
  198  18:01  Assimilator  
  198  18:07  Observer  
  199  18:25  Observer  
  200  18:30  Blink  
  200  18:42  Gateway  
  200  18:44  Gateway  
  200  18:47  Gateway  
  200  18:48  Gateway  
  200  18:52  Gateway  
  200  18:55  Gateway  
  200  18:56  Gateway  
  200  19:00  Gateway x2  
  200  19:03  Gateway  
  200  19:04  Gateway  
  200  19:11  Dark Shrine  
Tags
 
Add a new tag
Caveats
  • Supply blocks, unpowered buildings, or Contaminate may cause inaccurate times.
  • Supply counts are checked every 10 seconds.